 Dungeon Sprint DCSS version 0.28.0-45-g0d030f2227 (webtiles) character file.

Game seed: 16640854855460865643

183 McKennaii the Skirmisher (level 5, -2/51 HPs)
             Began as a Demigod Fighter on Apr 18, 2022.
             Slain by a scorpion (4 damage)
             ... in the Dungeon (Sprint II: "The Violet Keep of Menkaure").
             The game lasted 00:00:19 (30 turns).

McKennaii the Skirmisher (Demigod Fighter)            Turns: 30, Time: 00:00:20

Health: -2/51      AC:  7    Str: 21    XL:     5   Next: 13%
Magic:  7/7        EV:  9    Int: 10    God:
Gold:   0          SH:  4    Dex: 13    Spells: 4/4 levels left

rFire   . . .      SeeInvis .   a - +0 trident
rCold   . . .      Faith    .   c - +0 buckler
rNeg    . . .      Spirit   .   b - +0 scale mail
rPois   .          Reflect  .   (no helmet)
rElec   .          Harm     .   (no cloak)
rCorr   .          Rampage  .   (no gloves)
Will    .....      NoTele   +   (no boots)
Stlth   ..........              (no amulet)
HPRegen 0.17/turn               (no ring)
MPRegen 0.10/turn               (no ring)

@: on berserk cooldown, slowed, very slow
A: high MP 1, forlorn, divine attributes
a: no special abilities


You were in the Dungeon.
You visited 1 branch

Inventory:

Hand Weapons
 a - a +0 trident (weapon)
Armour
 b - a +0 scale mail (worn)
 c - a +0 buckler (worn)
Scrolls
 j - a scroll of blinking
Potions
 d - a potion of might
 e - a potion of curing
 f - a potion of heal wounds
 g - a potion of haste
 h - 2 potions of magic


   Skills:
 + Level 6.4 Fighting
 + Level 6.1 Polearms
 + Level 6.4 Armour
 - Level 2.6 Shields


You had 4 spell levels left.
You didn't know any spells.
Your spell library was empty.

Dungeon Overview and Level Annotations

Branches:
Dungeon (1/1)


Innate Abilities, Weirdness & Mutations

You have an increased reservoir of magic. (+10% MP)
You shall have no god before yourself.
Your divine heritage dramatically boosts your attributes as you level up.


Message History

You kill the scorpion!
You feel sick.
Your Fighting skill increases to level 5!
Your Polearms skill increases to level 5!
Your Armour skill increases to level 5!
You have reached level 4!
You barely miss the scorpion.
You feel sick. The scorpion barely misses you.
You puncture the scorpion!
The scorpion is almost dead.
You feel sick.
You hit the scorpion.
You kill the scorpion!
You are no longer berserk.
You are exhausted.
You feel yourself slow down.
You feel sick.
Your Fighting skill increases to level 6!
Your Polearms skill increases to level 6!
Your Armour skill increases to level 6!
You have reached level 5!
You hit the scorpion but do no damage.
You feel sick. You block the scorpion's attack.
The scorpion stings you but does no damage.
You hit the scorpion but do no damage.
You feel sick. The scorpion closely misses you.
You hit the scorpion.
The scorpion is moderately wounded.
You feel sick.
You are no longer poisoned.
The scorpion stings you.
* * * LOW HITPOINT WARNING * * *
The scorpion stings you.
* * * LOW HITPOINT WARNING * * *
Okay, then.
You completely miss the scorpion.
The scorpion is moderately wounded.
The scorpion barely misses you. You block the scorpion's attack.
You hit the scorpion.
The scorpion is heavily wounded.
The scorpion stings you.
You die... ## ## ##. .## .. .. # B#B

#. #+#
#l##.##
#+.<.+
#l##@##
#. #s#
# .#.
.. ..
### ###


You could see a scorpion.

Vanquished Creatures
  3 scorpions (D)
3 creatures vanquished.

Notes
Turn   | Place    | Note
-------+----------+-------------------------------------------
     0 | D        | McKennaii the Demigod Fighter began the quest for the Orb.
     0 | D        | Reached XP level 1. HP: 18/18 MP: 3/3
     1 | D        | Noticed a boulder beetle
     1 | D        | Noticed a boulder beetle
     5 | D        | Noticed a wyvern
     5 | D        | Noticed a wyvern
     9 | D        | Noticed a scorpion
     9 | D        | Noticed a scorpion
     9 | D        | Noticed a scorpion
     9 | D        | Noticed a scorpion
    13 | D        | Killed a scorpion
    14 | D        | Reached XP level 2. HP: 28/28 MP: 4/4
    14 | D        | Reached XP level 3. HP: 34/34 MP: 5/5
    22 | D        | Killed a scorpion
    23 | D        | Reached skill level 5 in Fighting
    23 | D        | Reached skill level 5 in Polearms
    23 | D        | Reached skill level 5 in Armour
    23 | D        | Reached XP level 4. HP: 18/44 MP: 6/6
    26 | D        | Reached XP level 5. HP: 12/51 MP: 7/7
    28 | D        | HP: 1/51 [scorpion (3)]
    30 | D        | Slain by a scorpion

Illustrated notes

Levels and vault maps discovered:
D:        the_violet_keep_of_menkaure [sprint2_stairs_cluster_1,
          sprint2_shoproom, sprint2_temple, sprint2_basic_supplies,
          sprint2_obstacle_4, sprint2_obstacle_7, sprint2_obstacle_3,
          sprint2_obstacle_6, sprint2_obstacle_5, sprint2_timed_cluster_1,
          sprint2_smallroom_cluster_1, sprint2_smallroom_final_cluster_1,
          sprint2_transparent_cluster_1, sprint2_second_timed_cluster_1,
          sprint2_sniper_area_1, sprint2_heavy_combat_area_1,
          sprint2_mutation_trap_area_1, sprint2_forest_area_1,
          sprint2_light_combat_area_1, sprint2_behind_water_1,
          sprint2_near_end_vault_1]

Skill      XL: |  1  2  3  4 |
---------------+-------------+-----
Fighting       | 4 5 6 |  6.4
Polearms       | 4 5 6 |  6.1
Armour         | 4 5 6 |  6.4
Shields        | |  2.6

Action                   |  1- 3 |  4- 6 || total
-------------------------+-------+-------++-------
Melee: Trident           |    12 |     8 ||    20
  Use: Potion            |     1 |       ||     1
Armor: Scale mail        |     1 |     1 ||     2
Dodge: Dodged            |     4 |     3 ||     7
Block: Buckler           |     1 |     2 ||     3
